Cogmind - Beta 10.2 *** ADVENTURER MODE // 2022.02.17 @ 18:42:01 Player: woegarden Result: Destroyed by G-34 Mercenary with Small Laser Performance ------------- Evolutions (1) 500 Regions Visited (2) 400 Robots Destroyed (31) 155 Value Destroyed (601) 601 Prototype IDs (1) 20 Alien Tech Used (0) 0 Bonus (0) 0 TOTAL SCORE: 1676 Bonus ------- None Cogmind --------- Core Integrity 0/400 Matter 300/300 Energy 100/100 System Corruption 0% Temperature Cool (6) Movement Core (150) Ox2 Location -9/Materials Parts ------- > --- POWER (1) -------- (None) > --- PROPULSION (3) --- (None) > --- UTILITY (3) ------ Medium Storage Unit > --- WEAPON (2) ------- (None) > --- INVENTORY (8) ---- Improved Ion Engine Visual Processing Unit Signal Interpreter Improved Terrain Scanner Transport Network Coupler Beam Rifle Peak State ------------ > --- POWER ------------ Improved Ion Engine > --- PROPULSION ------- Hover Unit Hover Unit Hover Unit > --- UTILITY ---------- Medium Storage Unit Structural Scanner Sensor Array > --- WEAPON ----------- EM Pulse Gun EM Pulse Gun > --- INVENTORY -------- Visual Processing Unit Signal Interpreter Improved Terrain Scanner Transport Network Coupler [Rating: 10] Favorites ----------- Power Light Ion Engine Engine Light Ion Engine Propulsion Hover Unit Leg Aluminum Leg Hover Unit Hover Unit Flight Unit Flight Unit Utility Medium Storage Unit Device Sensor Array Storage Medium Storage Unit Weapon EM Pulse Gun Energy Gun EM Pulse Gun Ballistic Gun Assault Rifle Build | -11 -10 -9 ------- Run | Scr Mat Mat Slots Evolved 2 | . . 2 Power . | . . . Propulsion 1 | . . 1 Utility 1 | . . 1 Weapon . | . . . Parts Attached 32 | 7 19 6 Power 7 | 1 2 4 Engine 7 | 1 2 4 Core . | . . . Reactor . | . . . Propulsion 10 | 2 7 1 Treads . | . . . Leg 3 | 2 1 . Wheel . | . . . Hover 5 | . 4 1 Flight 2 | . 2 . Utility 8 | 2 5 1 Device 3 | 1 1 1 Storage 5 | 1 4 . Processor . | . . . Hackware . | . . . Protection . | . . . Artifact . | . . . Weapon 7 | 2 5 . Energy Gun 5 | 1 4 . Energy Cannon . | . . . Ballistic Gun 2 | 1 1 . Ballistic Cannon . | . . . Launcher . | . . . Special Weapon . | . . . Impact Weapon . | . . . Slashing Weapon . | . . . Piercing Weapon . | . . . Special Melee Weapon . | . . . Unidentified Prototypes 1 | . 1 . Parts Lost 11 | . 3 8 Power 1 | . . 1 Propulsion 4 | . 1 3 Utility 2 | . . 2 Weapon 4 | . 2 2 Highest Loss Streak 3 | . 2 3 Average Slot Usage (%) 77 | . 80 66 Engine 13 | . 14 8 Leg 2 | . 3 . Hover 12 | . 10 19 Device 14 | . 14 15 Storage 13 | . 13 11 Energy Gun 14 | . 15 11 Ballistic Gun 5 | . 7 . Naked Turns . | . . . Heaviest Build 21 | 12 20 21 Greatest Support 20 | 20 20 18 Greatest Overweight (x) 5 | . 5 2 Average Overweight (x) 1 | . 1 1 Largest Inventory Capacity 10 | 6 10 8 Average Capacity 7 | 5 7 8 Most Carried 7 | 4 7 6 Average Carried 4 | 1 4 5 Final Capacity 8 | 6 8 8 Final Carried 7 | 1 7 6 Class Distribution -------------------- 93% | Mutant 6% | Scavenger-Mutant Dominant Class ---------------- Mutant | -10/Materials Mutant | -9/Materials Resources | -11 -10 -9 ----------- Run | Scr Mat Mat Matter Collected 643 | 306 292 45 Remotely . | . . . Salvage Created 1243 | 122 733 388 Parts 83 | 9 51 23 Haulers Intercepted 2 | . 2 . Recyclers Shooed 1 | . 1 . Parts Field Recycled . | . . . Retrieved Matter . | . . . Parts Self-Destructed . | . . . Prevented . | . . . Kills | -11 -10 -9 ------- Run | Scr Mat Mat Combat Hostiles Destroyed 14 | . 8 6 Guns 14 | . 8 6 Classes Destroyed 10 | 2 6 2 Worker 1 | . 1 . Builder 2 | . 2 . Tunneler 3 | 3 . . Hauler 2 | . 2 . Recycler 5 | 1 3 1 Operator 1 | . . 1 Watcher 3 | . 3 . Swarmer 3 | . 3 . Grunt 10 | . 5 5 Sentry 1 | . . 1 Best Kill Streak 5 | 2 5 5 Combat Bots Only 4 | . 3 4 Max Kills in Single Turn 1 | 1 1 1 Gunslinging . | . . . Exploded . | . . . Melee . | . . . Uniques/NPCs Destroyed . | . . . Combat | -11 -10 -9 -------- Run | Scr Mat Mat Damage Taken 1284 | . 539 745 Core 557 | . 157 400 Absorbed by Shields . | . . . Core Remaining (%) 68 | 100 37 . Volleys Fired 106 | 12 65 29 Largest 2 | 2 2 2 Hottest 80 | 70 80 80 Shots Fired 177 | 24 119 34 Gun 177 | 24 119 34 Cannon . | . . . Launcher . | . . . Special . | . . . Kinetic 51 | 12 39 . Thermal 51 | 12 39 . Explosive . | . . . Electromagnetic 75 | . 41 34 Robot Hit Streak 23 | 7 22 23 Robot Miss Streak 2 | 2 2 1 Penetration Max . | . . . Secondary Targets 2 | . 2 . Max Gunslinging Chain 1 | . 1 . Shots Hit Robots 132 | 17 89 26 Core Hits 47 | 5 30 12 Critical Hits . | . . . Critical Kills . | . . . Critical Parts Destroyed . | . . . Melee Attacks . | . . . Impact . | . . . Slashing . | . . . Piercing . | . . . Sneak Attacks . | . . . Combat Hostiles . | . . . Follow-up Attacks . | . . . Damage Inflicted 1853 | 237 1250 366 Guns 1705 | 237 1107 361 Cannons . | . . . Explosions 143 | . 143 . Melee . | . . . Ramming 5 | . . 5 Kinetic 455 | 113 342 . Thermal 688 | 124 564 . Explosive . | . . . Electromagnetic 705 | . 344 361 Impact . | . . . Slashing . | . . . Piercing . | . . . Highest Corruption . | . . . Average Corruption . | . . . Corruption Purged . | . . . Overload Shots . | . . . Overflow Damage 6 | . 6 . Projectiles . | . . . Explosions 6 | . 6 . Melee . | . . . Knockbacks . | . . . Impact . | . . . Kinetic . | . . . Secondary . | . . . Self-Inflicted Damage 6 | . 4 2 Shots 1 | . 1 . Rammed 2 | . . 2 Targets Rammed 2 | . . 2 Kicked . | . . . Crushed . | . . . Highest Temperature 213 | 45 213 91 Average Temperature 34 | 19 35 39 Received Heat Transfer 639 | . 207 432 Siege Activations . | . . . Robots Corrupted . | . . . Combat Hostiles . | . . . Parts Fried 1 | . 1 . Impact Corruptions . | . . . Robots Melted . | . . . Combat Hostiles . | . . . Parts Melted . | . . . Heat Transferred 1778 | 370 1408 . Parts Sabotaged . | . . . Parts Stolen . | . . . Parts Stripped . | . . . Power Chain Reactions 2 | . 2 . Missiles Intercepted . | . . . Alert | -11 -10 -9 ------- Run | Scr Mat Mat Peak Influence 200 | 20 117 200 Initial 27 | . 11 27 Average 55 | 8 41 126 Maximum Alert Level 1 | . . 1 Low Security (%) 99 | 100 100 94 Level 1 . | . . 5 Level 2 . | . . . Level 3 . | . . . Level 4 . | . . . Level 5 . | . . . High Security . | . . . Max Security . | . . . Squads Dispatched 4 | . 1 3 Investigation 2 | . 1 1 Extermination . | . . . Reinforcement 2 | . . 2 Assault . | . . . Garrison . | . . . Intercept . | . . . Construction Impeded . | . . . Haulers Reinforced . | . . . Stealth | -11 -10 -9 --------- Run | Scr Mat Mat Distress Signals 3 | . 1 2 Communications Jammed . | . . . Distress Signals . | . . . Times Spotted 49 | . 20 29 Peak Tracking Total 16 | . 3 16 Tactical Retreats . | . . . Traps | -11 -10 -9 ------- Run | Scr Mat Mat Traps Triggered 5 | . 4 1 Indirectly . | . . . Trap Hack Attempts . | . . . Triggered . | . . . Disarmed . | . . . Reprogrammed . | . . . Reused . | . . . Traps Extracted . | . . . Installed . | . . . Triggered . | . . . Machines | -11 -10 -9 ---------- Run | Scr Mat Mat Machines Disabled 3 | . 1 2 Max in Single Turn 1 | . 1 1 Machines Sabotaged . | . . . Garrisons Compromised . | . . . Overloaded Fab Kills . | . . . Fab Network Shutdowns . | . . . Hacking | -11 -10 -9 --------- Run | Scr Mat Mat Machines Accessed 1 | . 1 . Terminals . | . . . Fabricators . | . . . Repair Stations . | . . . Recycling Units 1 | . 1 . Scanalyzers . | . . . Garrison Access . | . . . Total Hacks 3 | . 3 . Successful 3 | . 3 . Failed . | . . . Catastrophic . | . . . Database Lockouts . | . . . Manual . | . . . Terminals . | . . . Fabricators . | . . . Repair Stations . | . . . Recycling Units 3 | . 3 . Scanalyzers . | . . . Garrison Access . | . . . Terminal Hacks . | . . . Fabricator Hacks . | . . . Repair Station Hacks . | . . . Recycling Unit Hacks 3 | . 3 . Recycle Component 1 | . 1 . Process 2 | . 2 . Scanalyzer . | . . . Garrison Access Hacks . | . . . Unauthorized Hacks . | . . . Terminals . | . . . Fabricators . | . . . Repair Stations . | . . . Recycling Units . | . . . Scanalyzers . | . . . Garrison Access . | . . . Data Cores Recovered . | . . . Used . | . . . Hacking Detections 1 | . 1 . Full Trace Events . | . . . Feedback Events . | . . . Feedback Blocked . | . . . Robot Schematics Acquired . | . . . Robots Built . | . . . Matter . | . . . Time . | . . . Total Robot Build Rating . | . . . Part Schematics Acquired . | . . . Parts Built . | . . . Matter . | . . . Time . | . . . Total Part Build Rating . | . . . Parts Repaired . | . . . Time . | . . . Parts Recycled 1 | . 1 . Recycled Matter 80 | . 80 . Retrieved Matter . | . . . Retrieved Components . | . . . Parts Scanalyzed . | . . . Part Schematics Acquired . | . . . Parts Damaged . | . . . Bothacking | -11 -10 -9 ------------ Run | Scr Mat Mat Used RIF Installer . | . . . Robots Hacked . | . . . Non-combat . | . . . Combat . | . . . Robot Hacks Applied . | . . . Relay Couplers Released . | . . . Robots Rewired . | . . . Allies Hacked . | . . . Hacks Repelled . | . . . Allies | -11 -10 -9 -------- Run | Scr Mat Mat Total Allies . | . . . Largest Group . | . . . Highest-Rated Group . | . . . Highest-Rated Ally . | . . . Total Orders . | . . . Ally Attacks . | . . . Total Damage . | . . . Kills . | . . . Allies Corrupted . | . . . Allies Melted . | . . . Intel | -11 -10 -9 ------- Run | Scr Mat Mat Robot Analysis Total . | . . . Derelict Logs Recovered . | . . . Drone Launches . | . . . Drone Recoveries . | . . . Exploration | -11 -10 -9 ------------- Run | Scr Mat Mat Turns Passed 2223 | 87 1753 383 Spaces Moved 1234 | 40 980 214 Core 157 | 14 104 39 Treads . | . . . Legs 182 | 26 156 . Wheels . | . . . Hover 895 | . 720 175 Flight . | . . . Fastest Speed 50 | 50 116 52 Average Speed 145 | 95 150 131 Slowest Speed 300 | 120 300 180 Overloaded Moves . | . . . Propulsion Burnouts . | . . . Robots Hopped . | . . . Cave-ins Triggered . | . . . Exploration Rate (%) 40 | 4 98 20 Regions Visited 2 Branch Regions . Pre-discovered Areas . | . . . Known Exits Taken . | . . . Unknown Exits Taken 2 | 1 1 . Scrap Searched . | . . . Spaces Dug . | . . . Terrain Destroyed 3 | . 3 . Melee . | . . . Projectile . | . . . AOE 3 | . 3 . Terrain Rammed . | . . . Walls Destroyed . | . . . Machines Disabled . | . . . Actions | -11 -10 -9 --------- Run | Scr Mat Mat Total 1484 | 64 1140 280 Wait 61 | . 39 22 Move 1232 | 39 979 214 Hop . | . . . Pick Up 34 | 6 24 4 Fast Attach 3 | 2 1 . Attach 16 | 5 9 2 Detach . | . . . Swap 13 | . 9 4 Drop 17 | . 14 3 Fire 106 | 12 65 29 Melee . | . . . Ram 2 | . . 2 Kick . | . . . Crush . | . . . Escape Stasis . | . . . Rewire . | . . . Trap . | . . . Miscellaneous . | . . . Route ------- -11/Scrapyard -10/Materials (discovered 4 exits: [*Mat x3] / [*Min]) -9/Materials History --------- Turn | Location | Event 9 | -11/Scrapyard | Discovered new exit (range 15) 88 | -11/Scrapyard | Entered Materials 312 | -10/Materials | Build established: Mutant 338 | -10/Materials | Discovered new exit (range 8) 898 | -10/Materials | Discovered new exit (range 14) 1121 | -10/Materials | Core integrity fell below 50% 1531 | -10/Materials | Discovered new exit (range 16) 1659 | -10/Materials | Discovered new exit (range 11) 1841 | -10/Materials | Entered another Materials area 1841 | -9/Materials | Evolved 2 slots: Propulsion x1, Utility x1 2051 | -9/Materials | Lost 3 parts (2n1u) 2191 | -9/Materials | Core integrity fell below 50% 2195 | -9/Materials | Lost 3 parts (1p1n1w) 2215 | -9/Materials | Core integrity fell below 20% 2224 | -9/Materials | Destroyed by G-34 Mercenary with Small Laser Last Messages --------------- 02032_ Terminal disabled. 02037_ Acquired Beam Rifle. 02038_ R-06 Scavenger collects Heat Sink. 02042_ R-06 Scavenger collects Aluminum Leg. 02046_ R-06 Scavenger collects Heat Sink. 02048_ K-01 Serf collects debris. 02078_ Triggered Alarm Trap. 02078_ An alarm sounds. 02078_ ALERT: Alarm triggered, dispatching investigation squad. 02084_ U-05 Engineer lays Concrete. 02117_ EM Pulse Gun destroyed. 02133_ Slammed into U-05 Engineer. 02138_ Lgt. Ion Engine destroyed. 02164_ Hover Unit destroyed. 02193_ T-07 Excavator destroyed. 02210_ Structural Scanner destroyed. 02220_ C-30 ARC bursts open, deploying its payload. 02220_ S-10 Pest unfolds itself. 02221_ Slammed into A-02 Transporter. 02224_ W-16 Scout distress signal alerts nearby ally. Map ----- +----------------------------------------------------+ | #####????????????????????????????????????????????? | | #????????????????????????????????????????????? | | #?????????#??????????????????????????????????? | | #???????? #??????????????????????????????????? | | [!!#???????? #??????????????????????????????????? | | [! #???????? ##########?????????????????????????? | | =! #???????? #?????????????????????????? | | #???????? #?????????????????????????? | | #???????? ##????????????????????????? | | #???????? ???????????????????????? | | ############# ???????????????????????? | | ??????????????????????? | | ??????????????????????? | | #?????????????????????????? | | #####+######+######+###??????????????????????????? | | # ?# #?????????????????????????????????? | | # ! # #?????????????????????????????????? | | # # ^ #?????????????????????w???????????? | | # """ # ^ #???????????????????? ??????????? | | !# """ # #??????#######????? b ???????????? | | # """ # #?###### ##### s" #??????????? | | # # #?# ! ss " #??????????? | | ###########+#?# g #??????????? | | #?????????# #?# a gY ???????????? | | #########????# #?# ## % ##### ????????????? | | ??# ###### ### ####@###????????????????????? | | ??# #? ?????????????????????? | | ??# % # ???????????????????? | | ??# # """"""" +?????????????????? | | ??# ########## # """"""" #?????????????????? | | ??## ##????????# # """"""" #?????????????????? | | ???# !!#?????????+ # """"""" #?????????????????? | | ???# *%#?????????# + """""???#?????????????????? | | ???# =#???####### #???????????????????????????? | | ??## ##??#!* ###+##???????????????????????????? | | ### #??#["" #????????????????????????????????? | | ####%T" #????????????????????????????????? | | %!%+% "=#????????????????????????????????? | | #### %==#????????????????????????????????? | | ### #??#%% !#????????????????????????????????? | | ?####+######!!= #????????????????????????????????? | | ?# ## #????????????????????????????????? | | ?# ## #????????????????????????????????? | | ?# #######????????????????????????????????? | | ?# #??????????????????????????????????????? | | ?# """ #??????????????????????????????????????? | | ?# """"" #??????????????????????????????????????? | | ?# """"" #??????????????????????????????????????? | | ?# """"" #??????????????????????????????????????? | | ?# """ #??????????????????????????????????????? | +----------------------------------------------------+ Best States ------------- Heat Dissipation 28 Energy Generation 12 Energy Capacity 265 Matter Stores 300 Matter Capacity 300 Sight Range 16 Robot Scan Range 10 Terrain Scan Range 16 Terrain Scan Density 10 Resistance: KI 20 Resistance: TH 20 Resistance: EX 20 Resistance: EM 20 Resistance: I 20 Resistance: S 20 Resistance: P 20 Evasion (%) 54 Offensive Hacking 10 Item Schematics ----------------- None Robot Schematics ------------------ None Fabricated ------------ Nothing Alien Tech Used ----------------- None Achievements -------------- None Challenges ------------ None Game ------ Seed HeatReflectiveReactor Manual? 0 Play Time 00:30:38 Cumulative 5.8 hours Start 2022.02.17 @ 18:14:19 End 2022.02.17 @ 18:42:01 Sessions 1 Manual Loads 0 Difficulty Adventurer Special Mode None Game No. 9 Rogue 0 Adventurer 9 Explorer 0 Win Type - Total 0 Types 0/0/0/0/0/0/0/0/0 Lore% 14 Gallery% 9 Achievement% 8 Wizard Run 0 Options --------- ASCII 0 Keyboard 0 Movement Mouse Keybinds 0 Fullscreen 1 Font 16/Proggy Map View 76x50 Tactical HUD 1 Map Filters NONE Filters NONE Steam 1 RUN: cdae7c1d-08db-4ef1-a69d-94242efdafdb